 Dungeon Crawl Stone Soup version 0.21-a0-1-gaf3b9a5 (webtiles) character file.

0 Gorglomux the Sneak (level 1, 0/11 HPs)
             Began as a Halfling Enchanter on May 20, 2017.
             Slain by a hobgoblin
             ... wielding a +0 club
              (5 damage)
             ... on level 2 of the Dungeon.
             The game lasted 00:02:12 (110 turns).

Gorglomux the Sneak (Halfling Enchanter)             Turns: 110, Time: 00:02:13

Health: 0/11       AC:  2    Str:  9    XL:     1   Next: 11%
Magic:  1/3        EV: 15    Int: 13    God:
Gold:   11         SH:  0    Dex: 14    Spells: 2/3 levels left

rFire    . . .     SeeInvis .   a - +1 dagger
rCold    . . .     Gourm    .   (shield restricted)
rNeg     . . .     Faith    .   b - +0 robe
rPois    .         Spirit   .   (no helmet)
rElec    .         Reflect  .   (no cloak)
rCorr    +         Harm     .   (no gloves)
MR       .....                  (no boots)
Stlth    ++........             (no amulet)
Regen    0.1/turn               f - ring of resist corrosion
MPRegen  0.1/turn               (no ring)

@: no status effects
A: mutation resistance 1
a: no special abilities


You were on level 2 of the Dungeon.
You were not hungry.

You visited 1 branch of the dungeon, and saw 2 of its levels.

You collected 11 gold pieces.

Inventory:

Hand Weapons
 a - a +1 dagger (weapon)
Armour
 b - a +0 robe (worn)
Jewellery
 f - a ring of resist corrosion (left hand)
   (You found it on level 1 of the Dungeon)
Books
 c - a book of Maledictions
Comestibles
 d - a bread ration {@e1}


   Skills:
 + Level 1.2 Short Blades
 + Level 2.1 Dodging
 + Level 3.2 Stealth
 + Level 1.6 Spellcasting
 + Level 2.4 Hexes


You had 2 spell levels left.
You knew the following spells:

 Your Spells              Type           Power        Failure   Level  Hunger
v - Corona                Hex            #......      10%         1    ##.....


Dungeon Overview and Level Annotations

Branches:
Dungeon (2/15)

Altars:


Innate Abilities, Weirdness & Mutations

You are small and have problems with some larger weapons.
You are somewhat resistant to further mutation.


Message History

Warning: Cannot find file "HDamage.rc". (~/.crawlrc:9698) Warning: Cannot find file "HDAForceMore.rc". (~/.crawlrc:9701) Warning: Cannot find file "HDAColors.rc". (~/.crawlrc:9704) Warning: Cannot find file "HDAtravel.rc". (~/.crawlrc:9707) Welcome, Gorglomux the Halfling Enchanter.
It is said that the Orb of Zot exists deep within this dungeon.
Found a staircase leading out of the dungeon.
e - a scroll labeled NAOMMA ONER You now have 11 gold pieces.
A kobold and a dart slug come into view.
You see here a tubular sapphire ring.
There are monsters nearby!
You aren't carrying any pieces of jewellery.
f - a tubular sapphire ring The kobold shouts!
Put on which piece of jewellery? (? for menu, Esc to quit)
f - a ring of resist corrosion (left hand)
There are monsters nearby!
A hobgoblin comes into view. It is wielding a club.
The hobgoblin shouts!
A goblin comes into view.
The goblin moves out of view.
A kobold comes into view.
The kobold shouts!
The kobold shouts!
Sorry, you're not good enough to have a special ability.
Unknown command.
As you read the scroll labeled NAOMMA ONER, it crumbles to dust.
It is a scroll of identify.
You don't have any unidentified items.
The dart slug misses you.
A rat comes into view.
A rat comes into view.
Found a stone staircase leading down.
There is a stone staircase leading down here.
You climb downwards.
There is a stone staircase leading up here.
There is a stone staircase leading up here.
You climb upwards.
The hobgoblin closely misses you. The kobold hits you.
There is a stone staircase leading down here.
The hobgoblin hits you with a club. The kobold barely misses you.
You climb downwards.
There is a stone staircase leading up here.
Unknown command.
Aim: a kobold (chance to defeat MR: 59%)
The kobold is outlined in light.
The kobold barely misses you.
You hit the kobold. The kobold hits you.
You hit the kobold.
You kill the kobold!
Aim: a hobgoblin, wielding a club (chance to defeat MR: 59%)
The hobgoblin is outlined in light.
The hobgoblin hits you with a club.
You die...

#####
#.g@#
#.....###
#.....
#.##.. #
... ....
#####


You could see a hobgoblin.

Vanquished Creatures
  A kobold (D:2)
1 creature vanquished.

Notes
Turn   | Place    | Note
-------+----------+-------------------------------------------
     0 | D:1      | Gorglomux the Halfling Enchanter began the quest for the Orb.
     0 | D:1      | Reached XP level 1. HP: 11/11 MP: 3/3
    68 | D:1      | Gorglomux: any ideas?
    68 | D:1      | sour: ideas for what?
    68 | D:1      | Gorglomux: for not dying
    68 | D:1      | sour: o lol
    68 | D:1      | sour: you just started
    68 | D:1      | Gorglomux: i obviously can't fight this
    68 | D:1      | sour: so just roll with it
    68 | D:1      | sour: or restart
    68 | D:1      | sour: to be honest
    68 | D:1      | sour: try to run to the right
    68 | D:1      | Gorglomux: well nevermind, ill start my 100 win streak another day
   102 | D:2      | sour: now stair dance here
   102 | D:2      | Gorglomux: k thanks
   102 | D:2      | sour: there yaaa gooo
   110 | D:2      | Slain by a hobgoblin

Vault maps used:
D:1:      nagdon_arrival_double_spiral, minivault_5, st_stairs_1, moated_statue
D:2:      first_bread, minmay_misc_feat_doors, uniq_sigmund, uniq_robin,
          uniq_natasha

Action                   || total
-------------------------++-------
Melee: Dagger            ||     2
 Cast: Corona            ||     2
  Use: Scroll            ||     1
Dodge: Dodged            ||     4

Vault maps used:
D:1:      nagdon_arrival_double_spiral, minivault_5, st_stairs_1, moated_statue
D:2:      first_bread, minmay_misc_feat_doors, uniq_sigmund, uniq_robin,
          uniq_natasha

Table legend:
 A = Turns spent in this place as a percentage of turns spent in the entire game.
 B = Non-inter-level travel turns spent in this place as a percentage of non-inter-level travel turns spent in the entire game.
 C = Inter-level travel turns spent in this place as a percentage of turns spent in this place.
 D = Turns resting spent in this place as a percentage of non-inter-level travel turns spent in this place.
 E = Turns spent auto-exploring this place as a percentage of non-inter-level travel turns spent in this place.
 F = Non-inter-level travel turns spent in this place divided by the number of levels of this place that you've seen.
                   A       B       C       D       E      F
               +-------+-------+-------+-------+-------+----------------------
         Total | 100.0 | 100.0 |   0.0 |   0.0 |   3.3 |  30.5
       Dungeon | 100.0 | 100.0 |   0.0 |   0.0 |   3.3 |  30.5
               +-------+-------+-------+-------+-------+----------------------

Table legend:
 A = Kills in this place as a percentage of kills in entire the game.
 B = Kills by you in this place as a percentage of kills by you in the entire game.
 C = Kills by friends in this place as a percentage of kills by friends in the entire game.
 D = Other kills in this place as a percentage of other kills in the entire game.
 E = Experience gained in this place as a percentage of experience gained in the entire game.
 F = Experience gained in this place divided by the number of levels of this place that you have seen.
                   A       B       C       D       E      F
               +-------+-------+-------+-------+-------+----------------------
         Total | 100.0 | 100.0 |  -nan |  -nan | 100.0 |   0.5
       Dungeon | 100.0 | 100.0 |  -nan |  -nan | 100.0 |   0.5
               +-------+-------+-------+-------+-------+----------------------
